Construct Section Command Post
Selects Indian Artillery Battlegroup
Selects Towed ML 4.2-inch Heavy Mortar
Towed ML 4.2-inch Heavy Mortar
Construct Platoon Command Post
6-pounder Anti-tank Gun Team
Construct Company Command Post
Selects Gurkha Rifles Section
Towed ML 4.2-inch Heavy Mortar
Selects Volunteer Infantry
Unlock Towed 17-pounder Anti-tank Guns
Selects Off-map Airburst Barrage
Unlock Bishop Self-propelled Artillery
17-pounder Anti-tank Gun Team
Selects Perimeter Monitor
17-pounder Anti-tank Gun Team
17-pounder Anti-tank Gun Team
17-pounder Anti-tank Gun Team
17-pounder Anti-tank Gun Team
17-pounder Anti-tank Gun Team